 Dungeon Crawl Stone Soup version 0.23.2-30-g0e89c35649 (webtiles) character file.

Game seed: 6843582045147984030

63 Atelerd the Sneak (level 4, -5/27 HPs)
             Began as an Octopode Wizard on June 18, 2019.
             Killed from afar by a dart slug (6 damage)
             ... with a slug dart
             ... on level 3 of the Dungeon on June 19, 2019.
             The game lasted 00:05:26 (1939 turns).

Atelerd the Sneak (Octopode Wizard)                 Turns: 1939, Time: 00:05:27

Health: -5/27      AC:  1    Str:  6    XL:     4   Next: 10%
Magic:  3/9        EV: 13    Int: 21    God:
Gold:   106        SH:  0    Dex: 10    Spells: 3/9 levels left

rFire    . . .     SeeInvis .   p - +0 spear
rCold    . . .     Gourm    .   (no shield)
rNeg     . . .     Faith    .   a - +0 hat
rPois    .         Spirit   .   (no amulet)
rElec    .         Reflect  .   (no ring)
rCorr    .         Harm     .   (no ring)
MR       .....                  (no ring)
Stlth    +++.......             (no ring)
HPRegen  0.09/turn              (no ring)
MPRegen  0.11/turn              (no ring)
                                (no ring)
                                (no ring)

@: lethally poisoned (-5 -> -12), flying
A: almost no armour, stealthy swim, amphibious, 8 rings, constrict 8, camouflage
1, gelatinous body 1
a: no special abilities


You were on level 3 of the Dungeon.
You were not hungry.

You visited 1 branch of the dungeon, and saw 3 of its levels.

You collected 106 gold pieces.

Inventory:

Hand Weapons
 e - a +0 dagger
 p - a +0 spear (weapon)
Missiles
 d - 41 stones (quivered)
Armour
 a - a +0 hat (worn)
Jewellery
 f - a cursed ring of attention {unknown}
Scrolls
 b - 2 scrolls of identify {unknown}
 g - 3 scrolls of remove curse {unknown}
 h - a scroll of enchant weapon {unknown}
 k - a scroll of immolation {unknown}
 n - 2 scrolls of teleportation {unknown}
 o - a scroll of enchant armour {unknown}
Potions
 i - a potion of agility {unknown}
 j - a potion of lignification {unknown}
 l - a potion of flight
 m - a potion of degeneration {unknown}
 q - a potion of heal wounds {unknown}
Comestibles
 c - 3 rations


   Skills:
 + Level 0.1 Fighting
 + Level 0.1 Short Blades
 + Level 2.2 Dodging
 + Level 3.6 Stealth
 + Level 3.4 Spellcasting
 * Level 2.5 Conjurations
   Level 1.0 Summonings
 + Level 1.0 Translocations


You had 3 spell levels left.
You knew the following spells:

 Your Spells              Type           Power        Failure   Level  Hunger
a - Magic Dart            Conj           ##..         4%          1    None
b - Mephitic Cloud        Conj/Pois/Air  #.......     26%         3    ###....
c - Blink                 Tloc           N/A          13%         2    ##.....

Your spell library contained the following spells:

 Spells                   Type           Power        Failure   Level  Hunger
 Call Imp                 Summ           #.......     13%         2    ##.....
 Slow                     Hex            #.......     19%         2    ##.....
 Conjure Flame            Conj/Fire      #.......     22%         3    ###....


Dungeon Overview and Level Annotations

Branches:
Dungeon (3/15)

Altars:
Gozag
Nemelex Xobeh

Annotations:
D:3 Ijyb


Innate Abilities, Weirdness & Mutations

You cannot wear most types of armour.
You are very stealthy in the water. (Stealth+)
You are amphibious.
You can wear up to eight rings at the same time.
You can use your tentacles to constrict eight enemies at once.
Your skin changes colour to match your surroundings (Stealth+).
Your rubbery body absorbs attacks. (AC +1, EV +1)


Message History

You hear a zap.
Something tries to affect you, but you resist.
You hit something but do no damage. Something hits you.
You are poisoned.
The dart slug launches a dart at you. The slug dart hits you.
* * * LOW HITPOINT WARNING * * *
It was a potion of flight.
You feel very buoyant.
You fly up into the air.
* * * LOW HITPOINT WARNING * * *
You feel sick. Something hits you.
* * * LOW HITPOINT WARNING * * *
* * * LOW HITPOINT WARNING * * *
You feel sick.
* * * LOW HITPOINT WARNING * * *
You feel sick. The dart slug launches a dart at you. The slug dart hits you.
You die...

#. #.#.#.#
#.##>#[#$####
#......#....
(>...... #.#..##
#..w..# ####
###...# .....
#.####...##......
#....@...........
########.###.....
#.....# ...
#.##### # #†# #.#
#.# #†# ###
##†##...


You could see a dart slug.

Vanquished Creatures
  An adder (D:2)
  A dart slug (D:1)
  2 leopard geckos (D:2)
  3 giant cockroaches
  2 goblins
  7 hobgoblins
  8 jackals
  7 bats
  2 frilled lizards
  4 kobolds (D:1)
  8 rats
45 creatures vanquished.

Notes
Turn   | Place    | Note
-------+----------+-------------------------------------------
     0 | D:1      | Atelerd the Octopode Wizard began the quest for the Orb.
     0 | D:1      | Reached XP level 1. HP: 11/11 MP: 4/4
   247 | D:1      | Reached XP level 2. HP: 16/17 MP: 1/6
   832 | D:1      | Reached XP level 3. HP: 18/21 MP: 7/7
  1226 | D:1      | Learned a level 3 spell: Mephitic Cloud
  1229 | D:1      | Learned a level 2 spell: Blink
  1724 | D:2      | Reached XP level 4. HP: 21/27 MP: 7/9
  1762 | D:2      | Found a sparkling altar of Nemelex Xobeh.
  1762 | D:2      | Found an opulent altar of Gozag.
  1922 | D:3      | Noticed Ijyb
  1939 | D:3      | HP: 1/27 [poisoned by Ijyb]
  1939 | D:3      | Killed from afar by a dart slug

Skill      XL: |  1  2  3 |
---------------+----------+-----
Stealth        | 3 |  3.6
Conjurations   | 2 |  2.5
Fighting       | |  0.1
Short Blades   | |  0.1
Dodging        | |  2.2
Spellcasting   | |  3.4
Summonings     | |  1.0
Translocations | |  1.0

Action                   |  1- 3 |  4- 6 || total
-------------------------+-------+-------++-------
Melee: Dagger            |    36 |       ||    36
       Unarmed           |     2 |       ||     2
       Constrict         |    10 |     2 ||    12
       Tentacles         |     5 |     1 ||     6
       Spear             |    13 |     8 ||    21
 Cast: Magic Dart        |    64 |    10 ||    74
  Use: Potion            |       |     1 ||     1
 Stab: Sleeping          |     5 |       ||     5
  Eat: Chunk             |     2 |     1 ||     3
Armor: Skin              |     9 |     1 ||    10
Dodge: Dodged            |    38 |     3 ||    41
